Mulligans vs Sasquatch
Created - December 15, 2018 at 11:08
Goals
|
| Mulligans |
0 |
1 |
1 |
2 |
| Sasquatch |
1 |
2 |
1 |
4 |
|
Shots
|
| Mulligans |
8 |
4 |
12 |
24 |
| Sasquatch |
11 |
14 |
5 |
30 |
|
1st period
1. Sasquatch , Jeff Skinner 14 (Jesper Fast 12, Andrew Campbell 6) at 14:10
Penalties :
Patrick Wey (Gat) for Hooking (Minor) at 10:42, Jonathan Tremblay (Rep) for Slashing (Minor) at 15:59
2nd period
2. Mulligans , Nick Bonino 22 (Matt Beleskey 9) at 5:27
3. Sasquatch , Andrew Campbell 3 (Brock Trotter 14) at 10:22
4. Sasquatch , Drew Shore 11 (Jesper Fast 13) at 19:36
Penalties :
Jesper Fast (Gat) for Slashing (Minor) at 6:42, Matt Halischuk (Gat) for Interference (Minor) at 13:36
3rd period
5. Mulligans , Logan Shaw 5 (Anton Lander 12, Darren Dietz 6) at 6:54
6. Sasquatch , Jesper Fast 12 (Jeff Skinner 15, Andrew Campbell 7) at 17:19
Penalties :
Logan Shaw (Rep) for Slashing (Minor) at 4:03, Drayson Bowman (Rep) for Interference (Minor) at 12:56
Goalie Stats
Juuse Saros (Rep), 26 saves from 30 shots - (0.867), L, 5-8-1, 60:00 minutes
Joonas Korpisalo (Gat), 22 saves from 24 shots - (0.917), W, 6-4-1, 60:00 minutes
Players Stats for Mulligans
Player Name G A P +/- PIM S H SB GA TA FO MP PP MP PK MP
------------------------------------------------------------------------------------
Anton Lander 0 1 1 0 0 2 0 1 0 0 4/14 18:25 2:22 1:53
Ben Hutton 0 0 0 0 0 1 2 1 0 1 0/0 19:11 1:45 2:51
Cade Fairchild 0 0 0 -1 0 1 1 0 0 0 0/0 11:50 0:00 0:00
Christoph Bertschy 0 0 0 0 0 0 0 0 0 0 0/1 8:31 0:00 0:24
Cody Goloubef 0 0 0 0 0 0 0 2 0 1 0/0 25:36 4:12 2:57
Dalton Thrower 0 0 0 -1 0 0 1 0 0 0 0/0 3:25 0:00 0:00
Darren Dietz 0 1 1 -1 0 0 0 0 0 3 0/0 12:04 0:00 0:09
Drayson Bowman 0 0 0 0 2 1 1 0 0 0 0/0 14:17 0:00 0:24
Jonathan Tremblay 0 0 0 -1 2 1 1 1 0 1 2/2 21:34 3:24 2:07
Joonas Donskoi 0 0 0 -1 0 0 0 0 0 0 1/2 10:11 0:11 0:00
Logan Shaw 1 0 1 0 2 2 3 0 0 0 0/1 16:21 2:22 0:00
Matt Beleskey 0 1 1 -1 0 4 1 0 0 0 0/0 18:12 2:22 0:00
Matt Donovan 0 0 0 -1 0 1 2 3 2 0 0/0 28:43 4:12 3:06
Maxime Macenauer 0 0 0 -1 0 1 0 0 0 0 4/9 14:27 3:35 1:04
Michael Sdao 0 0 0 0 0 1 1 1 1 0 0/0 19:11 1:45 2:51
Nick Bonino 1 0 1 -1 0 7 2 1 0 0 17/31 22:19 3:24 2:52
Reid Boucher 0 0 0 -1 0 0 1 1 0 0 0/0 11:17 0:00 1:17
Sven Baertschi 0 0 0 0 0 2 0 0 0 0 0/0 10:08 0:00 1:53
Valeri Nichushkin 0 0 0 0 0 0 1 0 0 0 0/0 8:18 0:11 0:00
Players Stats for Sasquatch
Player Name G A P +/- PIM S H SB GA TA FO MP PP MP PK MP
------------------------------------------------------------------------------------
Andrew Campbell 1 2 3 2 0 3 0 2 0 1 0/0 15:07 0:00 1:17
Brock Trotter 0 1 1 0 0 1 0 0 0 0 0/0 14:07 2:36 1:20
David Desharnais 0 0 0 0 0 0 0 0 1 0 1/3 7:44 0:00 0:10
Dougie Hamilton 0 0 0 0 0 2 3 3 0 0 0/0 26:16 3:25 3:42
Drew Shore 1 0 1 1 0 5 2 0 0 0 17/32 22:27 3:09 3:17
Jeff Skinner 1 1 2 2 0 3 2 0 1 0 1/2 20:25 3:21 0:00
Jesper Fast 1 2 3 2 2 3 1 0 1 0 0/1 20:00 2:36 0:00
Martin Marincin 0 0 0 0 0 2 1 0 0 0 0/0 20:08 2:32 2:15
Matt Halischuk 0 0 0 0 2 1 1 0 1 1 0/0 16:08 3:09 0:00
Nicolas Deslauriers 0 0 0 1 0 0 0 0 0 0 2/2 12:22 0:00 3:21
Patrick Wey 0 0 0 0 2 6 3 3 0 1 0/0 24:52 3:25 2:25
Petr Straka 0 0 0 0 0 1 0 1 0 0 1/1 10:31 0:12 0:00
Ryan Pulock 0 0 0 2 0 0 0 0 0 0 0/0 13:36 0:00 0:00
Sergey Kalinin 0 0 0 0 0 0 2 0 0 0 6/13 18:00 2:33 2:30
Slava Voynov 0 0 0 0 0 1 1 0 1 0 0/0 20:08 2:32 2:15
Sven Andrighetto 0 0 0 0 0 1 5 0 0 0 0/0 7:11 0:00 0:00
T.J. Tynan 0 0 0 0 0 0 0 1 0 0 2/4 9:41 0:00 0:00
Teemu Hartikainen 0 0 0 0 0 1 2 0 1 0 2/2 15:17 0:15 1:16
3 Stars
1 - Andrew Campbell (Gat)
2 - Jeff Skinner (Gat)
3 - Jesper Fast (Gat)
Power Play
Mulligans - 0 on 3 Attempt(s) - 0.00%
Sasquatch - 0 on 3 Attempt(s) - 0.00%
Penalty Kill
Mulligans - 3 on 3 Attempt(s) - 100.00%
- Score 0 goal in Penalty Kill
Sasquatch - 3 on 3 Attempt(s) - 100.00%
- Score 0 goal in Penalty Kill
Team Stat
Mulligans - Hits : 17 - Faceoff Wins : 28 - Blocked Shots : 11 - Penalty Minutes : 6
Sasquatch - Hits : 23 - Faceoff Wins : 32 - Blocked Shots : 10 - Penalty Minutes : 6
Official
Referees : Unknown
Linesman : Unknown
Game Notes
19:36 of 2nd period - Sasquatch goal is going for a video replay. After video review, Goal.
Finance
Level 1 -- Attendance: 1371 (68.55%) -- Ticket Income $54,840
Level 2 -- Attendance: 741 (74.10%) -- Ticket Income $14,820
Total Attendance: 2112 (70.40%)
Total Ticket Income: $69,660
Other Income: $3,483
Total Income: $73,143
Mulligans
5 vs 5 Forward
Center Left Wing Right Wing Time % Phy DF OF
1 Nick Bonino Matt Beleskey Jonathan Tremblay 40 0 2 3
2 Anton Lander Drayson Bowman Logan Shaw 27 0 2 3
3 Maxime Macenauer Reid Boucher Joonas Donskoi 20 1 2 2
4 Christoph Bertschy Sven Baertschi Valeri Nichushkin 13 1 2 2
5 vs 5 Defense
Defense Defense Time % Phy DF OF
1 Matt Donovan Cody Goloubef 40 1 2 2
2 Michael Sdao Ben Hutton 30 1 2 2
3 Cade Fairchild Darren Dietz 20 1 2 2
4 Dalton Thrower Matt Donovan 10 1 2 2
PowerPlay Forward
Center Left Wing Right Wing Time % Phy DF OF
1 Nick Bonino Maxime Macenauer Jonathan Tremblay 60 0 1 4
2 Anton Lander Matt Beleskey Logan Shaw 40 0 1 4
PowerPlay Defense
Defense Defense Time % Phy DF OF
1 Matt Donovan Cody Goloubef 60 0 2 3
2 Michael Sdao Ben Hutton 40 0 2 3
Penalty Kill 4 Players Forward
Center Wing Time % Phy DF OF
1 Nick Bonino Jonathan Tremblay 60 1 2 2
2 Anton Lander Maxime Macenauer 40 1 2 2
Penalty Kill 4 Players Defense
Defense Defense Time % Phy DF OF
1 Matt Donovan Cody Goloubef 60 1 3 1
2 Michael Sdao Ben Hutton 40 1 3 1
Penalty Kill - 3 Players Forward
Forward Time % Phy DF OF
1 Nick Bonino 60 1 2 2
2 Anton Lander 40 1 2 2
Penalty Kill - 3 Players Defense
Defense Defense Time % Phy DF OF
1 Matt Donovan Cody Goloubef 60 1 3 1
2 Michael Sdao Ben Hutton 40 1 3 1
4 vs 4 Forward
Center Wing Time % Phy DF OF
1 Nick Bonino Valeri Nichushkin 60 1 2 2
2 Anton Lander Maxime Macenauer 40 1 2 2
4 vs 4 Defense
Defense Defense Time % Phy DF OF
1 Matt Donovan Cody Goloubef 60 1 2 2
2 Michael Sdao Ben Hutton 40 1 2 2
Last Minutes Offensive
Center Left Wing Right Wing Defense Defense
Nick Bonino Anton Lander Jonathan Tremblay Matt Donovan Cody Goloubef
Last Minutes Defensive
Center Left Wing Right Wing Defense Defense
Nick Bonino Anton Lander Jonathan Tremblay Matt Donovan Cody Goloubef
Goaltenders
Starting : Juuse Saros
Backup : Calvin Pickard
Extra Forwards
Normal : Joonas Donskoi, Valeri Nichushkin, Sven Baertschi - PP : Joonas Donskoi, Valeri Nichushkin - PK : Sven Baertschi
Extra Defensemen
Normal : Cade Fairchild, Darren Dietz, Dalton Thrower - PP : Cade Fairchild - PK : Darren Dietz, Dalton Thrower
Penalty Shots
Nick Bonino, Jonathan Tremblay, Anton Lander, Maxime Macenauer, Valeri Nichushkin
Scratches
Nick Moutrey (Healthy), Eric Tangradi (Sprained Right Finger Injury), John Hayden (Healthy), Jonny Brodzinski (Healthy), Marek Langhamer (Healthy)
Sasquatch
5 vs 5 Forward
Center Left Wing Right Wing Time % Phy DF OF
1 Drew Shore Jeff Skinner Jesper Fast 40 1 2 2
2 Sergey Kalinin Teemu Hartikainen Matt Halischuk 30 1 2 2
3 T.J. Tynan Brock Trotter Petr Straka 20 1 2 2
4 David Desharnais Nicolas Deslauriers Sven Andrighetto 10 1 2 2
5 vs 5 Defense
Defense Defense Time % Phy DF OF
1 Patrick Wey Dougie Hamilton 40 1 2 2
2 Martin Marincin Slava Voynov 30 1 2 2
3 Ryan Pulock Andrew Campbell 20 1 2 2
4 Patrick Wey Dougie Hamilton 10 1 2 2
PowerPlay Forward
Center Left Wing Right Wing Time % Phy DF OF
1 Drew Shore Jeff Skinner Matt Halischuk 60 1 2 2
2 Sergey Kalinin Brock Trotter Jesper Fast 40 1 2 2
PowerPlay Defense
Defense Defense Time % Phy DF OF
1 Patrick Wey Dougie Hamilton 60 1 2 2
2 Martin Marincin Slava Voynov 40 1 2 2
Penalty Kill 4 Players Forward
Center Wing Time % Phy DF OF
1 Drew Shore Nicolas Deslauriers 60 1 2 2
2 Sergey Kalinin Teemu Hartikainen 40 1 2 2
Penalty Kill 4 Players Defense
Defense Defense Time % Phy DF OF
1 Patrick Wey Dougie Hamilton 60 1 2 2
2 Martin Marincin Slava Voynov 40 1 2 2
Penalty Kill - 3 Players Forward
Forward Time % Phy DF OF
1 Drew Shore 60 1 2 2
2 Sergey Kalinin 40 1 2 2
Penalty Kill - 3 Players Defense
Defense Defense Time % Phy DF OF
1 Patrick Wey Dougie Hamilton 60 1 2 2
2 Martin Marincin Slava Voynov 40 1 2 2
4 vs 4 Forward
Center Wing Time % Phy DF OF
1 Drew Shore Jeff Skinner 60 1 2 2
2 Matt Halischuk Brock Trotter 40 1 2 2
4 vs 4 Defense
Defense Defense Time % Phy DF OF
1 Patrick Wey Dougie Hamilton 60 1 2 2
2 Martin Marincin Slava Voynov 40 1 2 2
Last Minutes Offensive
Center Left Wing Right Wing Defense Defense
Drew Shore Jeff Skinner Jesper Fast Patrick Wey Dougie Hamilton
Last Minutes Defensive
Center Left Wing Right Wing Defense Defense
Drew Shore Jeff Skinner Jesper Fast Patrick Wey Dougie Hamilton
Goaltenders
Starting : Joonas Korpisalo
Backup : Corey Crawford
Extra Forwards
Normal : Sergey Kalinin, Teemu Hartikainen, Nicolas Deslauriers - PP : Sergey Kalinin, Teemu Hartikainen - PK : Nicolas Deslauriers
Extra Defensemen
Normal : Ryan Pulock, Andrew Campbell, Martin Marincin - PP : Ryan Pulock - PK : Andrew Campbell, Martin Marincin
Penalty Shots
Jeff Skinner, Petr Straka, Matt Halischuk, Brock Trotter, Jesper Fast
Scratches
Devin Shore (Healthy), Ty Rattie (Healthy), Brett Pesce (Healthy), Joey Laleggia (Healthy), Cal Petersen (Healthy)
% Time on Ice - Mulligans
Lines # - Real PCT - Wanted PCT - Time Play
Normal Forward
1 - 33% - 40% - 16:04
2 - 29% - 27% - 13:55
3 - 21% - 20% - 10:00
4 - 17% - 13% - 8:07
Normal Defense
1 - 39% - 40% - 18:32
2 - 30% - 30% - 14:35
3 - 25% - 20% - 11:50
4 - 7% - 10% - 3:09
PP Forward
1 - 60% - 60% - 3:35
2 - 40% - 40% - 2:22
PP Defense
1 - 71% - 60% - 4:12
2 - 29% - 40% - 1:45
PK Forward
1 - 82% - 60% - 4:53
2 - 18% - 40% - 1:04
PK Defense
1 - 52% - 60% - 3:06
2 - 48% - 40% - 2:51
PK3 Forward
1 - 0% - 60%
2 - 0% - 40%
PK3 Defense
1 - 0% - 60%
2 - 0% - 40%
44 Forward
1 - 0% - 60%
2 - 0% - 40%
44 Defense
1 - 0% - 60%
2 - 0% - 40%
Last Minute Offensive - 0:00
Last Minute Defensive - 0:00
Total
Forward - 60:00
Defense - 60:00
|
% Time on Ice - Sasquatch
Lines # - Real PCT - Wanted PCT - Time Play
Normal Forward
1 - 37% - 40% - 17:40
2 - 28% - 30% - 13:34
3 - 20% - 20% - 9:41
4 - 15% - 10% - 7:11
Normal Defense
1 - 38% - 40% - 18:11
2 - 32% - 30% - 15:21
3 - 28% - 20% - 13:25
4 - 2% - 10% - 1:09
PP Forward
1 - 56% - 60% - 3:21
2 - 44% - 40% - 2:36
PP Defense
1 - 57% - 60% - 3:25
2 - 43% - 40% - 2:32
PK Forward
1 - 79% - 60% - 4:41
2 - 21% - 40% - 1:16
PK Defense
1 - 62% - 60% - 3:42
2 - 38% - 40% - 2:15
PK3 Forward
1 - 0% - 60%
2 - 0% - 40%
PK3 Defense
1 - 0% - 60%
2 - 0% - 40%
44 Forward
1 - 0% - 60%
2 - 0% - 40%
44 Defense
1 - 0% - 60%
2 - 0% - 40%
Last Minute Offensive - 0:00
Last Minute Defensive - 0:00
Total
Forward - 60:00
Defense - 60:00
|
Play by Play
1st period
0:01 of 1st period - Drew Shore wins face-off versus Nick Bonino in neutral zone.
0:28 of 1st period - Wrist shot by Matt Beleskey.
0:28 of 1st period - Stopped by Joonas Korpisalo without a rebound.
0:29 of 1st period - Sergey Kalinin wins face-off versus Anton Lander in Sasquatch zone.
1:20 of 1st period - Wrist shot by Anton Lander.
1:20 of 1st period - Shot Blocked by Andrew Campbell.
1:22 of 1st period - Snap shot by Anton Lander.
1:22 of 1st period - Shot Misses the Net.
1:34 of 1st period - Snap shot by Drayson Bowman.
1:34 of 1st period - Shot Misses the Net.
1:48 of 1st period - Snap shot by Logan Shaw.
1:48 of 1st period - Deflect By Anton Lander.
1:48 of 1st period - Shot Misses the Net.
1:48 of 1st period - Puck is out of play.
1:49 of 1st period - Drew Shore wins face-off versus Maxime Macenauer in Sasquatch zone.
2:40 of 1st period - Wrist shot by Jonathan Tremblay.
2:40 of 1st period - Stopped by Joonas Korpisalo with a rebound.
2:42 of 1st period - Slapshot by Darren Dietz.
2:42 of 1st period - Shot Misses the Net.
2:44 of 1st period - Snap shot by Nick Bonino.
2:44 of 1st period - Shot Misses the Net.
2:46 of 1st period - Slapshot by Nick Bonino.
2:46 of 1st period - Shot Misses the Net.
4:36 of 1st period - Wrist shot by Christoph Bertschy.
4:36 of 1st period - Shot Misses the Net.
5:00 of 1st period - Sven Baertschi is hit by Sven Andrighetto and loses puck.
5:31 of 1st period - Snap shot by Joonas Donskoi.
5:31 of 1st period - Shot Blocked by Andrew Campbell.
5:43 of 1st period - T.J. Tynan is hit by Logan Shaw and loses puck.
6:20 of 1st period - Matt Beleskey is hit by Slava Voynov and loses puck.
6:29 of 1st period - Jonathan Tremblay is hit by Sven Andrighetto and loses puck.
6:37 of 1st period - Icing by Michael Sdao.
6:38 of 1st period - Jonathan Tremblay wins face-off versus Sergey Kalinin in Mulligans zone.
6:53 of 1st period - Michael Sdao is hit by Patrick Wey and loses puck.
7:48 of 1st period - Christoph Bertschy is hit by Sven Andrighetto and loses puck.
7:59 of 1st period - Wrist shot by Sven Baertschi.
7:59 of 1st period - Stopped by Joonas Korpisalo with a rebound.
8:11 of 1st period - Icing by Slava Voynov.
8:12 of 1st period - Drew Shore wins face-off versus Nick Bonino in Sasquatch zone.
8:19 of 1st period - Snap shot by Matt Beleskey.
8:19 of 1st period - Shot Misses the Net.
8:21 of 1st period - Slapshot by Cody Goloubef.
8:21 of 1st period - Shot Misses the Net.
8:47 of 1st period - Off-side.
8:48 of 1st period - Petr Straka wins face-off versus Anton Lander in neutral zone.
8:51 of 1st period - Slapshot by Patrick Wey.
8:51 of 1st period - Shot Misses the Net.
9:20 of 1st period - Wrist shot by Matt Beleskey.
9:20 of 1st period - Shot Hit the Post.
9:23 of 1st period - Icing by Matt Halischuk.
9:24 of 1st period - Sergey Kalinin wins face-off versus Nick Bonino in Sasquatch zone.
9:29 of 1st period - Slapshot by Patrick Wey.
9:29 of 1st period - Stopped by Juuse Saros with a rebound.
9:31 of 1st period - Slapshot by Patrick Wey.
9:31 of 1st period - Shot Blocked by Jonathan Tremblay.
9:33 of 1st period - Slapshot by Dougie Hamilton.
9:33 of 1st period - Stopped by Juuse Saros with a rebound.
9:35 of 1st period - Slapshot by Patrick Wey.
9:35 of 1st period - Shot Misses the Net.
9:37 of 1st period - Snap shot by Matt Halischuk.
9:37 of 1st period - Stopped by Juuse Saros with a rebound.
9:39 of 1st period - Slapshot by Matt Halischuk.
9:39 of 1st period - Shot Misses the Net.
9:41 of 1st period - Slapshot by Patrick Wey.
9:41 of 1st period - Stopped by Juuse Saros without a rebound.
9:42 of 1st period - Joonas Donskoi wins face-off versus Drew Shore in Mulligans zone.
9:49 of 1st period - Wrist shot by Drew Shore.
9:49 of 1st period - Stopped by Juuse Saros with a rebound.
9:57 of 1st period - Slapshot by Matt Donovan.
9:57 of 1st period - Stopped by Joonas Korpisalo with a rebound.
10:31 of 1st period - Slapshot by Dougie Hamilton.
10:31 of 1st period - Shot Blocked by Cody Goloubef.
10:33 of 1st period - Wrist shot by Patrick Wey.
10:33 of 1st period - Stopped by Juuse Saros with a rebound.
10:35 of 1st period - Wrist shot by Patrick Wey.
10:35 of 1st period - Stopped by Juuse Saros without a rebound.
10:36 of 1st period - Maxime Macenauer wins face-off versus Drew Shore in Mulligans zone.
10:42 of 1st period - Minor Penalty to Patrick Wey for Hooking.
10:43 of 1st period - Drew Shore wins face-off versus Nick Bonino in Sasquatch zone.
11:00 of 1st period - Icing by Nick Bonino.
11:01 of 1st period - Drew Shore wins face-off versus Nick Bonino in Mulligans zone.
11:18 of 1st period - Snap shot by Nick Bonino.
11:18 of 1st period - Stopped by Joonas Korpisalo with a rebound.
11:20 of 1st period - Slapshot by Cody Goloubef.
11:20 of 1st period - Shot Blocked by Dougie Hamilton.
11:22 of 1st period - Slapshot by Cody Goloubef.
11:22 of 1st period - Deflect By Nick Bonino.
11:22 of 1st period - Shot Misses the Net.
11:22 of 1st period - Puck is out of play.
11:23 of 1st period - Drew Shore wins face-off versus Anton Lander in Sasquatch zone.
11:23 of 1st period - Drew Shore is hit by Matt Beleskey.
11:49 of 1st period - Maxime Macenauer is hit by Dougie Hamilton and loses puck.
12:42 of 1st period - Penalty to Patrick Wey is over, Patrick Wey is back on ice.
13:17 of 1st period - Snap shot by Jeff Skinner.
13:17 of 1st period - Deflect By Jesper Fast.
13:17 of 1st period - Stopped by Juuse Saros without a rebound.
13:18 of 1st period - Maxime Macenauer wins face-off versus T.J. Tynan in Mulligans zone.
13:25 of 1st period - Wrist shot by Maxime Macenauer.
13:25 of 1st period - Shot Misses the Net.
14:02 of 1st period - Wrist shot by Drew Shore.
14:02 of 1st period - Shot Blocked by Anton Lander.
14:04 of 1st period - Slapshot by Andrew Campbell.
14:04 of 1st period - Stopped by Juuse Saros with a rebound.
14:06 of 1st period - Slapshot by Andrew Campbell.
14:06 of 1st period - Shot Misses the Net.
14:08 of 1st period - Wrist shot by Jesper Fast.
14:08 of 1st period - Stopped by Juuse Saros with a rebound.
14:10 of 1st period - Snap shot by Jesper Fast.
14:10 of 1st period - Deflect By Jeff Skinner.
14:10 of 1st period - Goal by Jeff Skinner - Mulligans : 0 - Sasquatch : 1.
14:11 of 1st period - Nick Bonino wins face-off versus Drew Shore in neutral zone.
14:20 of 1st period - Slapshot by Matt Donovan.
14:20 of 1st period - Shot Blocked by Patrick Wey.
14:22 of 1st period - Snap shot by Matt Beleskey.
14:22 of 1st period - Shot Hit the Post.
14:36 of 1st period - Wrist shot by Logan Shaw.
14:36 of 1st period - Shot Misses the Net.
14:38 of 1st period - Slapshot by Michael Sdao.
14:38 of 1st period - Shot Misses the Net.
14:40 of 1st period - Slapshot by Logan Shaw.
14:40 of 1st period - Shot Misses the Net.
14:42 of 1st period - Wrist shot by Drayson Bowman.
14:42 of 1st period - Stopped by Joonas Korpisalo with a rebound.
14:44 of 1st period - Snap shot by Logan Shaw.
14:44 of 1st period - Shot Blocked by Patrick Wey.
14:46 of 1st period - Slapshot by Ben Hutton.
14:46 of 1st period - Stopped by Joonas Korpisalo without a rebound.
14:47 of 1st period - Nick Bonino wins face-off versus Drew Shore in Sasquatch zone.
14:54 of 1st period - Snap shot by Nick Bonino.
14:54 of 1st period - Stopped by Joonas Korpisalo without a rebound.
14:55 of 1st period - Drew Shore wins face-off versus Nick Bonino in Sasquatch zone.
14:55 of 1st period - Drew Shore is hit by Matt Donovan.
15:09 of 1st period - Cody Goloubef is hit by Jeff Skinner and loses puck.
15:13 of 1st period - Icing by Cody Goloubef.
15:14 of 1st period - Jonathan Tremblay wins face-off versus Sergey Kalinin in Mulligans zone.
15:40 of 1st period - Matt Beleskey is hit by Patrick Wey and loses puck.
15:49 of 1st period - Snap shot by Brock Trotter.
15:49 of 1st period - Shot Misses the Net.
15:51 of 1st period - Backhand shot by T.J. Tynan.
15:51 of 1st period - Shot Misses the Net.
15:59 of 1st period - Minor Penalty to Jonathan Tremblay for Slashing.
16:00 of 1st period - Drew Shore wins face-off versus Nick Bonino in Mulligans zone.
17:50 of 1st period - Christoph Bertschy is hit by Jeff Skinner and loses puck.
17:59 of 1st period - Penalty to Jonathan Tremblay is over, Jonathan Tremblay is back on ice.
19:17 of 1st period - Jeff Skinner is hit by Logan Shaw and loses puck.
Goals for this period are 0 for Mulligans vs 1 for Sasquatch.
Shots for this period are 8 for Mulligans vs 11 for Sasquatch.
2nd period
0:01 of 2nd period - Nick Bonino wins face-off versus Drew Shore in neutral zone.
0:25 of 2nd period - Cody Goloubef is hit by Sergey Kalinin and loses puck.
0:32 of 2nd period - Slapshot by Matt Halischuk.
0:32 of 2nd period - Shot Misses the Net.
0:34 of 2nd period - Slapshot by Sergey Kalinin.
0:34 of 2nd period - Shot Blocked by Matt Donovan.
0:36 of 2nd period - Slapshot by Slava Voynov.
0:36 of 2nd period - Stopped by Juuse Saros with a rebound.
1:15 of 2nd period - Ben Hutton is hit by Sven Andrighetto and loses puck.
2:18 of 2nd period - Slapshot by Petr Straka.
2:18 of 2nd period - Stopped by Juuse Saros with a rebound.
2:54 of 2nd period - Snap shot by Patrick Wey.
2:54 of 2nd period - Stopped by Juuse Saros with a rebound.
2:56 of 2nd period - Wrist shot by Drew Shore.
2:56 of 2nd period - Shot Misses the Net.
2:58 of 2nd period - Snap shot by Drew Shore.
2:58 of 2nd period - Deflect By Jeff Skinner.
2:58 of 2nd period - Shot Blocked by Nick Bonino.
2:58 of 2nd period - Puck is out of play.
2:59 of 2nd period - Nick Bonino wins face-off versus Drew Shore in Mulligans zone.
4:06 of 2nd period - Snap shot by Nick Bonino.
4:06 of 2nd period - Deflect By T.J. Tynan.
4:06 of 2nd period - Shot Blocked by Petr Straka.
4:06 of 2nd period - Puck is out of play.
4:07 of 2nd period - Drew Shore wins face-off versus Nick Bonino in Sasquatch zone.
4:58 of 2nd period - Slava Voynov is hit by Valeri Nichushkin and loses puck.
5:17 of 2nd period - Wrist shot by Drew Shore.
5:17 of 2nd period - Shot Misses the Net.
5:19 of 2nd period - Slapshot by Drew Shore.
5:19 of 2nd period - Stopped by Juuse Saros without a rebound.
5:20 of 2nd period - Nick Bonino wins face-off versus Jeff Skinner in Mulligans zone.
5:27 of 2nd period - Wrist shot by Nick Bonino.
5:27 of 2nd period - Goal by Nick Bonino - Mulligans : 1 - Sasquatch : 1.
5:28 of 2nd period - Jeff Skinner wins face-off versus Nick Bonino in neutral zone.
5:39 of 2nd period - Snap shot by Drew Shore.
5:39 of 2nd period - Shot Blocked by Matt Donovan.
5:59 of 2nd period - Slapshot by Maxime Macenauer.
5:59 of 2nd period - Deflect By Jeff Skinner.
5:59 of 2nd period - Shot Misses the Net.
5:59 of 2nd period - Puck is out of play.
6:00 of 2nd period - Maxime Macenauer wins face-off versus Sergey Kalinin in Sasquatch zone.
6:01 of 2nd period - Snap shot by Joonas Donskoi.
6:01 of 2nd period - Deflect By Reid Boucher.
6:01 of 2nd period - Deflect By Matt Halischuk.
6:01 of 2nd period - Shot Misses the Net.
6:01 of 2nd period - Puck is out of play.
6:02 of 2nd period - Nick Bonino wins face-off versus Sergey Kalinin in Sasquatch zone.
6:09 of 2nd period - Slapshot by Matt Donovan.
6:09 of 2nd period - Shot Misses the Net.
6:42 of 2nd period - Minor Penalty to Jesper Fast for Slashing.
6:43 of 2nd period - Nick Bonino wins face-off versus Drew Shore in Sasquatch zone.
6:58 of 2nd period - Slapshot by Matt Donovan.
6:58 of 2nd period - Shot Misses the Net.
8:42 of 2nd period - Penalty to Jesper Fast is over, Jesper Fast is back on ice.
8:47 of 2nd period - Martin Marincin is hit by Cade Fairchild and loses puck.
8:54 of 2nd period - Snap shot by Sven Baertschi.
8:54 of 2nd period - Shot Misses the Net.
9:40 of 2nd period - Off-side.
9:41 of 2nd period - Sergey Kalinin wins face-off versus Joonas Donskoi in neutral zone.
10:00 of 2nd period - Wrist shot by Michael Sdao.
10:00 of 2nd period - Stopped by Joonas Korpisalo with a rebound.
10:02 of 2nd period - Slapshot by Ben Hutton.
10:02 of 2nd period - Shot Misses the Net.
10:04 of 2nd period - Slapshot by Christoph Bertschy.
10:04 of 2nd period - Shot Misses the Net.
10:22 of 2nd period - Slapshot by Andrew Campbell.
10:22 of 2nd period - Goal by Andrew Campbell - Mulligans : 1 - Sasquatch : 2.
10:23 of 2nd period - Nick Bonino wins face-off versus Drew Shore in neutral zone.
10:30 of 2nd period - Dougie Hamilton is hit by Nick Bonino and loses puck.
10:39 of 2nd period - Snap shot by Jeff Skinner.
10:39 of 2nd period - Deflect By Drew Shore.
10:39 of 2nd period - Stopped by Juuse Saros without a rebound.
10:40 of 2nd period - Sergey Kalinin wins face-off versus Anton Lander in Mulligans zone.
10:47 of 2nd period - Slapshot by Dougie Hamilton.
10:47 of 2nd period - Shot Misses the Net.
10:49 of 2nd period - Snap shot by Matt Halischuk.
10:49 of 2nd period - Shot Misses the Net.
10:51 of 2nd period - Snap shot by Teemu Hartikainen.
10:51 of 2nd period - Stopped by Juuse Saros with a rebound.
11:05 of 2nd period - Jeff Skinner is hit by Jonathan Tremblay and loses puck.
11:10 of 2nd period - Wrist shot by Matt Beleskey.
11:10 of 2nd period - Stopped by Joonas Korpisalo without a rebound.
11:11 of 2nd period - Drew Shore wins face-off versus Nick Bonino in Sasquatch zone.
11:11 of 2nd period - Drew Shore is hit by Nick Bonino.
11:23 of 2nd period - Slapshot by Slava Voynov.
11:23 of 2nd period - Shot Blocked by Ben Hutton.
11:37 of 2nd period - Michael Sdao is hit by Martin Marincin and loses puck.
11:50 of 2nd period - Snap shot by Teemu Hartikainen.
11:50 of 2nd period - Shot Misses the Net.
12:09 of 2nd period - Wrist shot by Brock Trotter.
12:09 of 2nd period - Shot Blocked by Reid Boucher.
12:11 of 2nd period - Slapshot by Dougie Hamilton.
12:11 of 2nd period - Stopped by Juuse Saros with a rebound.
13:36 of 2nd period - Minor Penalty to Matt Halischuk for Interference.
13:37 of 2nd period - Drew Shore wins face-off versus Nick Bonino in Sasquatch zone.
13:48 of 2nd period - Wrist shot by Nick Bonino.
13:48 of 2nd period - Deflect By Maxime Macenauer.
13:48 of 2nd period - Shot Misses the Net.
13:48 of 2nd period - Puck is out of play.
13:49 of 2nd period - Drew Shore wins face-off versus Nick Bonino in Sasquatch zone.
14:06 of 2nd period - Maxime Macenauer is hit by Drew Shore and loses puck.
15:01 of 2nd period - Logan Shaw is hit by Teemu Hartikainen and loses puck.
15:36 of 2nd period - Penalty to Matt Halischuk is over, Matt Halischuk is back on ice.
15:44 of 2nd period - Snap shot by Jeff Skinner.
15:44 of 2nd period - Shot Blocked by Michael Sdao.
16:39 of 2nd period - Slapshot by Andrew Campbell.
16:39 of 2nd period - Stopped by Juuse Saros with a rebound.
16:41 of 2nd period - Slapshot by Ryan Pulock.
16:41 of 2nd period - Deflect By Jeff Skinner.
16:41 of 2nd period - Shot Misses the Net.
16:41 of 2nd period - Puck is out of play.
16:42 of 2nd period - Nicolas Deslauriers wins face-off versus Anton Lander in Mulligans zone.
16:59 of 2nd period - Snap shot by Dougie Hamilton.
16:59 of 2nd period - Shot Blocked by Matt Donovan.
17:01 of 2nd period - Wrist shot by Matt Halischuk.
17:01 of 2nd period - Shot Misses the Net.
17:03 of 2nd period - Wrist shot by Sergey Kalinin.
17:03 of 2nd period - Shot Misses the Net.
17:05 of 2nd period - Slapshot by Patrick Wey.
17:05 of 2nd period - Deflect By Matt Halischuk.
17:05 of 2nd period - Shot Blocked by Cody Goloubef.
17:05 of 2nd period - Puck is out of play.
17:06 of 2nd period - Nick Bonino wins face-off versus Sergey Kalinin in Mulligans zone.
17:06 of 2nd period - Nick Bonino is hit by Matt Halischuk.
17:53 of 2nd period - Icing by Patrick Wey.
17:54 of 2nd period - Anton Lander wins face-off versus T.J. Tynan in Sasquatch zone.
18:21 of 2nd period - Slapshot by Ben Hutton.
18:21 of 2nd period - Deflect By Anton Lander.
18:21 of 2nd period - Stopped by Joonas Korpisalo with a rebound.
18:39 of 2nd period - Snap shot by Anton Lander.
18:39 of 2nd period - Shot Misses the Net.
18:49 of 2nd period - Wrist shot by Brock Trotter.
18:49 of 2nd period - Stopped by Juuse Saros without a rebound.
18:50 of 2nd period - Nick Bonino wins face-off versus Drew Shore in Mulligans zone.
18:55 of 2nd period - Slapshot by Jesper Fast.
18:55 of 2nd period - Shot Misses the Net.
18:57 of 2nd period - Slapshot by Martin Marincin.
18:57 of 2nd period - Stopped by Juuse Saros with a rebound.
18:59 of 2nd period - Slapshot by Slava Voynov.
18:59 of 2nd period - Shot Misses the Net.
19:01 of 2nd period - Slapshot by Drew Shore.
19:01 of 2nd period - Shot Misses the Net.
19:03 of 2nd period - Backhand shot by Martin Marincin.
19:03 of 2nd period - Stopped by Juuse Saros with a rebound.
19:05 of 2nd period - Slapshot by Jeff Skinner.
19:05 of 2nd period - Shot Misses the Net.
19:22 of 2nd period - Wrist shot by Nicolas Deslauriers.
19:22 of 2nd period - Shot Misses the Net.
19:24 of 2nd period - Wrist shot by Sven Andrighetto.
19:24 of 2nd period - Stopped by Juuse Saros without a rebound.
19:25 of 2nd period - Drew Shore wins face-off versus Maxime Macenauer in Mulligans zone.
19:34 of 2nd period - Snap shot by Drew Shore.
19:34 of 2nd period - Shot Hit the Post.
19:36 of 2nd period - Snap shot by Drew Shore.
19:36 of 2nd period - Sasquatch goal is going for a video replay.
19:36 of 2nd period - The goal is good.
19:36 of 2nd period - Goal by Drew Shore - Mulligans : 1 - Sasquatch : 3.
19:37 of 2nd period - Drew Shore wins face-off versus Nick Bonino in neutral zone.
19:48 of 2nd period - Snap shot by Matt Beleskey.
19:48 of 2nd period - Shot Blocked by Dougie Hamilton.
Goals for this period are 1 for Mulligans vs 2 for Sasquatch.
Shots for this period are 4 for Mulligans vs 14 for Sasquatch.
3rd period
0:01 of 3rd period - Nick Bonino wins face-off versus Jesper Fast in neutral zone.
0:10 of 3rd period - Wrist shot by Matt Beleskey.
0:10 of 3rd period - Stopped by Joonas Korpisalo with a rebound.
0:12 of 3rd period - Wrist shot by Matt Donovan.
0:12 of 3rd period - Shot Blocked by Patrick Wey.
0:14 of 3rd period - Snap shot by Nick Bonino.
0:14 of 3rd period - Stopped by Joonas Korpisalo without a rebound.
0:15 of 3rd period - Teemu Hartikainen wins face-off versus Anton Lander in Sasquatch zone.
0:22 of 3rd period - Anton Lander is hit by Sergey Kalinin and loses puck.
1:07 of 3rd period - Slava Voynov is hit by Ben Hutton and loses puck.
2:46 of 3rd period - Snap shot by Sven Baertschi.
2:46 of 3rd period - Stopped by Joonas Korpisalo without a rebound.
2:47 of 3rd period - David Desharnais wins face-off versus Christoph Bertschy in Sasquatch zone.
3:12 of 3rd period - Jonathan Tremblay is hit by Jesper Fast and loses puck.
3:38 of 3rd period - Nick Bonino is hit by Drew Shore and loses puck.
3:45 of 3rd period - Wrist shot by Nick Bonino.
3:45 of 3rd period - Stopped by Joonas Korpisalo without a rebound.
3:46 of 3rd period - Sergey Kalinin wins face-off versus Anton Lander in Sasquatch zone.
3:46 of 3rd period - Sergey Kalinin is hit by Drayson Bowman.
4:03 of 3rd period - Minor Penalty to Logan Shaw for Slashing.
4:04 of 3rd period - Nick Bonino wins face-off versus Drew Shore in Mulligans zone.
4:33 of 3rd period - Slapshot by Dougie Hamilton.
4:33 of 3rd period - Shot Misses the Net.
6:03 of 3rd period - Penalty to Logan Shaw is over, Logan Shaw is back on ice.
6:15 of 3rd period - Slapshot by Anton Lander.
6:15 of 3rd period - Shot Misses the Net.
6:17 of 3rd period - Slapshot by Cade Fairchild.
6:17 of 3rd period - Stopped by Joonas Korpisalo without a rebound.
6:18 of 3rd period - Anton Lander wins face-off versus David Desharnais in Sasquatch zone.
6:35 of 3rd period - Drayson Bowman is hit by Sven Andrighetto and loses puck.
6:50 of 3rd period - Wrist shot by Anton Lander.
6:50 of 3rd period - Shot Blocked by T.J. Tynan.
6:54 of 3rd period - Wrist shot by Logan Shaw.
6:54 of 3rd period - Goal by Logan Shaw - Mulligans : 2 - Sasquatch : 3.
6:55 of 3rd period - Nick Bonino wins face-off versus Drew Shore in neutral zone.
7:27 of 3rd period - Wrist shot by Maxime Macenauer.
7:27 of 3rd period - Deflect By Reid Boucher.
7:27 of 3rd period - Shot Misses the Net.
7:27 of 3rd period - Puck is out of play.
7:28 of 3rd period - Sergey Kalinin wins face-off versus Anton Lander in Sasquatch zone.
7:35 of 3rd period - Slava Voynov is hit by Michael Sdao and loses puck.
7:55 of 3rd period - Sergey Kalinin is hit by Ben Hutton.
8:03 of 3rd period - Wrist shot by Matt Beleskey.
8:03 of 3rd period - Stopped by Joonas Korpisalo without a rebound.
8:04 of 3rd period - Maxime Macenauer wins face-off versus Drew Shore in Sasquatch zone.
8:04 of 3rd period - Matt Donovan is hit by Dougie Hamilton and loses puck.
8:14 of 3rd period - Icing by Jeff Skinner.
8:15 of 3rd period - Nick Bonino wins face-off versus Drew Shore in Sasquatch zone.
8:18 of 3rd period - Backhand shot by Nick Bonino.
8:18 of 3rd period - Stopped by Joonas Korpisalo with a rebound.
8:30 of 3rd period - Snap shot by Jeff Skinner.
8:30 of 3rd period - Stopped by Juuse Saros with a rebound.
8:32 of 3rd period - Slapshot by Dougie Hamilton.
8:32 of 3rd period - Deflect By Drew Shore.
8:32 of 3rd period - Shot Misses the Net.
8:32 of 3rd period - Puck is out of play.
8:33 of 3rd period - Anton Lander wins face-off versus Sergey Kalinin in Mulligans zone.
9:25 of 3rd period - Petr Straka is hit by Reid Boucher and loses puck.
9:51 of 3rd period - Icing by David Desharnais.
9:52 of 3rd period - Nick Bonino wins face-off versus David Desharnais in Sasquatch zone.
10:06 of 3rd period - Off-side.
10:07 of 3rd period - Drew Shore wins face-off versus Logan Shaw in neutral zone.
10:32 of 3rd period - Jonathan Tremblay is hit by Teemu Hartikainen and loses puck.
10:41 of 3rd period - Snap shot by Nick Bonino.
10:41 of 3rd period - Stopped by Joonas Korpisalo without a rebound.
10:42 of 3rd period - Anton Lander wins face-off versus Sergey Kalinin in Sasquatch zone.
10:53 of 3rd period - Snap shot by Anton Lander.
10:53 of 3rd period - Stopped by Joonas Korpisalo without a rebound.
10:54 of 3rd period - Nick Bonino wins face-off versus Drew Shore in Sasquatch zone.
10:59 of 3rd period - Wrist shot by Nick Bonino.
10:59 of 3rd period - Shot Blocked by Dougie Hamilton.
11:19 of 3rd period - Dougie Hamilton is hit by Matt Donovan and loses puck.
12:56 of 3rd period - Minor Penalty to Drayson Bowman for Interference.
12:57 of 3rd period - Drew Shore wins face-off versus Nick Bonino in Mulligans zone.
13:02 of 3rd period - Wrist shot by Matt Halischuk.
13:02 of 3rd period - Shot Misses the Net.
13:04 of 3rd period - Snap shot by Drew Shore.
13:04 of 3rd period - Stopped by Juuse Saros with a rebound.
13:08 of 3rd period - Wrist shot by Matt Halischuk.
13:08 of 3rd period - Shot Misses the Net.
13:10 of 3rd period - Backhand shot by Jeff Skinner.
13:10 of 3rd period - Stopped by Juuse Saros without a rebound.
13:11 of 3rd period - Nick Bonino wins face-off versus Drew Shore in Mulligans zone.
14:56 of 3rd period - Penalty to Drayson Bowman is over, Drayson Bowman is back on ice.
15:31 of 3rd period - Andrew Campbell is hit by Logan Shaw and loses puck.
15:53 of 3rd period - Petr Straka is hit by Dalton Thrower and loses puck.
16:13 of 3rd period - Off-side.
16:14 of 3rd period - Nicolas Deslauriers wins face-off versus Maxime Macenauer in neutral zone.
16:29 of 3rd period - Snap shot by Maxime Macenauer.
16:29 of 3rd period - Stopped by Joonas Korpisalo with a rebound.
17:19 of 3rd period - Wrist shot by Jesper Fast.
17:19 of 3rd period - Goal by Jesper Fast - Mulligans : 2 - Sasquatch : 4.
17:20 of 3rd period - T.J. Tynan wins face-off versus Maxime Macenauer in neutral zone.
17:27 of 3rd period - Slapshot by Patrick Wey.
17:27 of 3rd period - Stopped by Juuse Saros with a rebound.
17:45 of 3rd period - Matt Donovan is hit by Patrick Wey and loses puck.
18:04 of 3rd period - Snap shot by Sven Baertschi.
18:04 of 3rd period - Shot Misses the Net.
18:18 of 3rd period - Backhand shot by Drayson Bowman.
18:18 of 3rd period - Deflect By Anton Lander.
18:18 of 3rd period - Shot Misses the Net.
18:18 of 3rd period - Puck is out of play.
18:19 of 3rd period - Teemu Hartikainen wins face-off versus Anton Lander in Sasquatch zone.
18:30 of 3rd period - Slapshot by Matt Donovan.
18:30 of 3rd period - Deflect By Logan Shaw.
18:30 of 3rd period - Stopped by Joonas Korpisalo without a rebound.
18:31 of 3rd period - T.J. Tynan wins face-off versus Maxime Macenauer in Sasquatch zone.
18:58 of 3rd period - Cody Goloubef is hit by Dougie Hamilton and loses puck.
19:16 of 3rd period - Icing by Cody Goloubef.
19:17 of 3rd period - Drew Shore wins face-off versus Anton Lander in Mulligans zone.
Goals for this period are 1 for Mulligans vs 1 for Sasquatch.
Shots for this period are 12 for Mulligans vs 5 for Sasquatch.
Back to the Top